 Dungeon Crawl Stone Soup version 0.28.0-47-ge53b351184 (webtiles) character file.

Game seed: 17896555895826523396

1712 pkoi the Conjurer (level 8, -2/61 HPs)
             Began as a Demigod Conjurer on Apr 27, 2022.
             Slain by a shadow (11 damage)
             ... on level 6 of the Dungeon.
             The game lasted 00:14:13 (9799 turns).

pkoi the Conjurer (Demigod Conjurer)                Turns: 9799, Time: 00:14:13

Health: -2/61      AC:  5    Str:  8    XL:     8   Next: 45%
Magic:  11/24      EV: 12    Int: 28    God:
Gold:   168        SH:  5    Dex: 18    Spells: 0/13 levels left

rFire   . . .      SeeInvis .   d - +0 dagger
rCold   . . .      Faith    .   (no shield)
rNeg    . . .      Spirit   .   a - +1 robe
rPois   .          Reflect  +   o - +1 helmet
rElec   .          Harm     .   (no cloak)
rCorr   .          Rampage  .   (no gloves)
Will    .....                   (no boots)
Stlth   +++.......              f - amulet of reflection
HPRegen 0.20/turn               j - ring of magical power
MPRegen 0.19/turn               m - +6 ring of dexterity

@: very slightly contaminated
A: high MP 1, forlorn, divine attributes
a: no special abilities


You were on level 6 of the Dungeon.
You visited 2 branches of the dungeon, and saw 7 of its levels.

You collected 168 gold pieces.

Inventory:

Hand Weapons
 d - a +0 dagger (weapon)
Missiles
 c - 6 atropa-tipped darts
Armour
 a - a +1 robe (worn)
 o - a +1 helmet (worn)
Magical Staves
 e - a staff of cold
Jewellery
 f - an amulet of reflection (around neck)
 j - a ring of magical power (left hand)
 m - a +6 ring of dexterity (right hand)
Wands
 r - a wand of mindburst (9)
Scrolls
 b - 2 scrolls of holy word
 h - a scroll of fear {unknown}
 k - a scroll of blinking
 n - a scroll of teleportation
Potions
 g - a potion of brilliance
 i - 3 potions of lignification
 l - 2 potions of curing
 p - a potion of magic
 q - a potion of haste


   Skills:
 + Level 2.2 Fighting
 + Level 2.2 Short Blades
 - Level 1.7 Dodging
 + Level 3.3 Stealth
 - Level 3.0 Spellcasting
 + Level 7.3 Conjurations
 + Level 3.6 Hexes
 + Level 4.4 Translocations


You couldn't memorise any spells.
You knew the following spells:

 Your Spells              Type           Power      Damage    Failure   Level
a - Magic Dart            Conj           100%       1d8       1%          1
b - Searing Ray           Conj           90%        2d7       1%          2
c - Iskenderun's Mystic   Conj/Tloc      37%        2d9       8%          4
d - Ensorcelled Hibernat  Hex/Ice        28%        N/A       6%          2
e - Fulminant Prism       Conj/Hex       17%        3d11      9%          4

Your spell library contained the following spells:

 Spells                   Type           Power      Damage    Failure   Level
 Apportation              Tloc           58%        N/A       1%          1
 Foxfire                  Conj/Fire      96%        2x1d8     1%          1
 Shock                    Conj/Air       96%        1d9       1%          1
 Dazzling Flash           Conj/Hex       70%        N/A       2%          3
 Conjure Flame            Conj/Fire      24%        6-21      5%          3
 Inner Flame              Hex/Fire       14%        N/A       12%         3
 Flame Wave               Conj/Fire      24%        2d7       19%         4
 Spider Form              Tmut/Pois      4%         N/A       24%         3
 Swiftness                Air            4%         N/A       24%         3
 Anguish                  Hex/Necr       7%         N/A       36%         4
 Airstrike                Air            2%         N/A       63%         4
 Alistair's Intoxication  Tmut/Pois      2%         N/A       92%         5


Dungeon Overview and Level Annotations

Branches:
Dungeon (6/15)             Temple (1/1) D:6

Shops:
D:2 :

Annotations:
D:5 2 transporters, KittyFluff's ghost, novice GrBe


Innate Abilities, Weirdness & Mutations

You have an increased reservoir of magic. (+10% MP)
You shall have no god before yourself.
Your divine heritage dramatically boosts your attributes as you level up.


Message History

The red devil hits you with a +1 demon trident of draining!!
* * * LOW HITPOINT WARNING * * *
Barbed spikes become lodged in your body.
You feel drained.
* * * LOW HITPOINT WARNING * * *
Casting: Searing Ray (safe; 1% risk of failure)
Confirm with . or Enter, or press ? or * to list all spells.
Aiming: Searing Ray (safe; 1% risk of failure)
Press: ? - help, Shift-Dir - straight line, f/p - kobold demonologist
Aim: a kobold demonologist, wielding a +0 dagger and wearing a +0 robe (severely wounded, 75% to hit)
The searing ray hits the kobold demonologist!
You kill the kobold demonologist!
The red devil disappears in a puff of smoke!
The smoke demon disappears in a puff of smoke! (Press . to maintain the ray.)
The shadow strikes at you from the darkness!
* * * LOW HITPOINT WARNING * * *
Reactivating autopickup.
Your life force feels restored.
Your Fighting skill increases to level 2!
Your Short Blades skill increases to level 2!
Unknown command.
The searing ray hits the shadow!
The shadow is moderately damaged.
The shadow closely misses you.
The searing ray hits the shadow.
The shadow is heavily damaged.
The shadow hits you.
The searing ray hits the shadow.
The shadow is severely damaged.
You finish channelling your searing ray.
The shadow closely misses you.
Casting: Searing Ray (safe; 1% risk of failure)
Confirm with . or Enter, or press ? or * to list all spells.
You miscast Iskenderun's Mystic Blast.
You are very lightly contaminated with residual magic.
Nothing appears to happen.
You carefully extract the barbed spikes from your body.
The shadow hits you!
You die...

....## .....##
......# ......###
........## .........#
......##.#########
......####.....W.##
......### #@$#
..#.....## #.##
......##.# ####.#
...####### ##.#.##
#### ##.#.#.#
..####### #.######
........#..##.#.#.###
...####.##..........#
..## #..##########.#


You could see a shadow.

Vanquished Creatures
  A kobold demonologist (D:6)
  A troll (D:6)
  A water moccasin (D:5)
  A black bear (D:3)
  A hornet zombie (D:5)
  An ice beast (D:5)
  An ogre (D:4)
  A centaur (D:5)
  A phantom (D:6)
  A wyvern skeleton (D:6)
  2 howler monkeys
  A bullfrog skeleton (D:4)
  2 jellies
  A centaur skeleton (D:4)
  A hound (D:5)
  An orc priest (D:3)
  An iguana (D:4)
  4 orc wizards
  A howler monkey zombie (D:5)
  5 adders
  An ufetubus (D:6)
  An adder skeleton (D:4)
  2 worms
  2 dart slugs (D:1)
  13 orcs
  4 endoplasms
  4 giant cockroaches
  6 goblins
  10 hobgoblins
  3 jackals (D:1)
  6 kobolds
  4 quokkas
  7 ball pythons
  5 bats
  3 frilled lizards
  3 rats
103 creatures vanquished.

Vanquished Creatures (others)
  2 fulminant prisms (D:6)
2 creatures vanquished.

Grand Total: 105 creatures vanquished

Notes
Turn   | Place    | Note
-------+----------+-------------------------------------------
     0 | D:1      | pkoi the Demigod Conjurer began the quest for the Orb.
     0 | D:1      | Reached XP level 1. HP: 14/14 MP: 5/5
     2 | D:1      | Noticed an ogre
     2 | D:1      | Noticed a gargoyle
     4 | D:1      | Noticed a spriggan
     6 | D:1      | Noticed a dwarf
     8 | D:1      | Noticed a formicid
     8 | D:1      | Noticed a draconian
    10 | D:1      | Noticed a merfolk
    12 | D:1      | Noticed a ghoul
    14 | D:1      | Noticed an octopode
    14 | D:1      | Noticed a vine stalker
    16 | D:1      | Noticed a vampire
    16 | D:1      | Noticed an elf
    18 | D:1      | Noticed a naga
    20 | D:1      | Noticed a human
    20 | D:1      | Noticed a minotaur
    22 | D:1      | Noticed a demigod
    22 | D:1      | Noticed a felid
    24 | D:1      | Noticed a tengu
    24 | D:1      | Noticed a demonspawn
    26 | D:1      | Noticed a troll
   267 | D:1      | Reached skill level 4 in Conjurations
   309 | D:1      | Reached XP level 2. HP: 1/20 MP: 0/7
   814 | D:1      | Learned a level 2 spell: Searing Ray
  1522 | D:1      | You fall into a shaft and drop 1 floor!
  2332 | D:2      | Found Oseptal's Book Shoppe.
  2538 | D:2      | Reached XP level 3. HP: 15/26 MP: 1/8
  3796 | D:3      | Reached skill level 5 in Conjurations
  3796 | D:3      | Reached XP level 4. HP: 33/33 MP: 9/9
  3869 | D:3      | Learned a level 4 spell: Iskenderun's Mystic Blast
  4189 | D:3      | Noticed a black bear
  5472 | D:4      | Reached skill level 1 in Translocations
  5472 | D:4      | Reached XP level 5. HP: 38/38 MP: 10/11
  6015 | D:4      | Noticed an ogre
  6020 | D:4      | Killed an ogre
  6021 | D:4      | Reached skill level 6 in Conjurations
  6021 | D:4      | Reached XP level 6. HP: 37/45 MP: 13/13
  6262 | D:4      | Learned a level 2 spell: Ensorcelled Hibernation
  6426 | D:5      | Entered Level 5 of the Dungeon
  6762 | D:5      | Found a transporter.
  6825 | D:5      | Reached skill level 1 in Short Blades
  6825 | D:5      | Reached skill level 1 in Hexes
  6871 | D:5      | Found a transporter.
  6918 | D:5      | Reached skill level 1 in Fighting
  6921 | D:5      | Reached XP level 7. HP: 43/52 MP: 14/14
  7682 | D:5      | Noticed KittyFluff's ghost (novice GrBe)
  7877 | D:6      | Noticed a troll
  9347 | D:6      | Found a staircase to the Ecumenical Temple.
  9363 | Temple   | Entered the Ecumenical Temple
  9508 | D:6      | Reached XP level 8. HP: 61/61 MP: 15/15
  9567 | D:6      | Learned a level 4 spell: Fulminant Prism
  9595 | D:6      | Killed a troll
  9596 | D:6      | Reached skill level 7 in Conjurations
  9786 | D:6      | Noticed a kobold demonologist
  9792 | D:6      | Noticed a red devil
  9795 | D:6      | Noticed a smoke demon
  9795 | D:6      | Killed a kobold demonologist
  9799 | D:6      | Slain by a shadow

Illustrated notes

Levels and vault maps discovered:
D:1:      kb_arrival_jail, layout_basic,
          hellmonk_ecumenical_altar_defaced_shrine
D:2:      layout_loops_corners, serial_shops, shop, minmay_quadrilaterals
D:3:      minmay_diamond_boxcup, layout_rooms, serial_corexii_hall,
          corexii_hall_statues_s, chequers_hall_statues_corner_a,
          corexii_hall_statues_i, chequers_hall_statues_corner_a
D:4:      layout_rooms, grunt_temple_overflow_open,
          minmay_overflow_temple_star_hex, minivault_27, minivault_14,
          minmay_diced_spiral
D:5:      layout_basic, gammafunk_ghost_stat_death, kennysheep_boxes
D:6:      layout_cave_pools, temple_fountains, minmay_small_thing
Temple:   dshaligram_water_room_temple

Skill      XL: |  1  2  3  4  5  6  7  8 |
---------------+-------------------------+-----
Conjurations   | 4 5 6 7 |  7.3
Spellcasting   | 2 3 |  3.0
Translocations | 1 2 3 4 |  4.4
Stealth        | 2 3 |  3.3
Short Blades   | 1 2 |  2.2
Hexes          | 1 2 3 |  3.6
Fighting       | 1 2 |  2.2
Dodging        | |  1.7

Action                   |  1- 3 |  4- 6 |  7- 9 || total
-------------------------+-------+-------+-------++-------
Melee: Dagger            |    18 |    20 |     3 ||    41
 Cast: Magic Dart        |    80 |    74 |    53 ||   207
       Searing Ray       |     2 |    13 |    18 ||    33
       Ensorcelled Hiber |       |       |     2 ||     2
       Fulminant Prism   |       |       |     2 ||     2
  Use: Scroll            |     8 |       |     2 ||    10
       Potion            |     1 |     3 |       ||     4
 Stab: Sleeping          |       |       |     1 ||     1
Armor: Robe              |     7 |    17 |     4 ||    28
Dodge: Dodged            |    28 |    37 |    22 ||    87
Block: Other             |       |     5 |    11 ||    16
       Reflection        |       |     1 |       ||     1
